AoeStats
← Sweetcoman

Arena

507695697Analyzed
2v2 RM · 14d ago on Sep 19, 2026· 40m 8s· 4 players
Game mode
Random Map
Map size
Medium (4 player)
Population
200
Speed
Normal
Resources
Standard
Victory
Conquest
Starting age
Dark Age
Ending age
Imperial Age
RankedLock teamsTeams togetherTeam positionsShared explorationLock speedFull tech treeHidden civsTurbo modeCheats
Victory
Defeat
🇳🇱 Aztecs · Netherlands
1094
+12
🇺🇸 Cumans · United States
1073
+13
🇦🇺 Goths · Australia
1010
-13
🇦🇺 Burgundians · Australia
989
-12
Rob88Silva
9:07 Feudal Age
9:44 Double-Bit Axe
9:44 Horse Collar
19:19 Wheelbarrow
18:30 Loom
22:08 Castle Age
20:58 Gold Mining
21:32 Stone Mining
22:05 Scale Barding Armor
22:12 Bloodlines
22:13 Capped Ram
23:17 Chain Barding Armor
23:19 Bow Saw
29:19 Gold Shaft Mining
32:25 Imperial Age
30:07 Heavy Plow
31:15 Steppe Husbandry
31:29 Forging
32:58 Iron Casting
32:24 Fletching
34:57 Chemistry
34:57 Conscription
35:41 Plate Barding Armor
36:27 Two-Man Saw
36:03 Bodkin Arrow
39:01 Blast Furnace
37:38 Light Cavalry
39:17 Elite Steppe Lancer
Sweetcoman
11:36 Feudal Age
12:38 Loom
15:50 Castle Age
14:34 Double-Bit Axe
15:06 Horse Collar
18:56 Heavy Plow
21:37 Bow Saw
24:25 Scale Mail Armor
25:28 Gold Mining
26:57 Forging
27:02 Chain Mail Armor
27:51 Wheelbarrow
27:43 Crossbowman
28:23 Fletching
29:34 Pikeman
30:14 Squires
30:00 Arson
30:53 Hand Cart
35:00 Imperial Age
33:20 Iron Casting
33:00 Chain Mail Armor
33:52 Gold Shaft Mining
34:15 Chain Mail Armor
33:47 Town Watch
36:46 Blast Furnace
36:16 Plate Mail Armor
36:20 Conscription
36:21 Garland Wars
35:38 Capped Ram
40:38 Bodkin Arrow
xViniB
10:50 Feudal Age
12:10 Wheelbarrow
16:14 Castle Age
15:55 Double-Bit Axe
22:45 Hand Cart
22:30 Gold Mining
30:09 Imperial Age
29:39 Anarchy
29:55 Forging
29:45 Scale Mail Armor
30:12 Bow Saw
31:12 Iron Casting
30:59 Perfusion
31:19 Conscription
31:31 Chain Mail Armor
31:28 Pikeman
32:09 Squires
33:22 Elite Huskarl
34:10 Halberdier
34:32 Man-at-Arms
34:46 Long Swordsman
35:01 Two-Handed Swordsman
37:15 Two-Man Saw
36:04 Champion
xXTiroNoChakraXx
11:20 Feudal Age
12:16 Loom
16:56 Castle Age
15:53 Double-Bit Axe
16:31 Horse Collar
16:55 Stone Mining
17:13 Gold Mining
18:57 Squires
21:06 Bow Saw
30:33 Heavy Plow
31:17 Wheelbarrow
31:13 Fortified Wall
34:51 Imperial Age
34:08 Ballistics
33:47 Town Watch
34:19 Hand Cart
34:52 Husbandry
Connection lost

Rejoining the realm…

Still unreachable

The connection could not be restored.

Session expired

The server has moved on; the page needs a fresh start.